 Dungeon Crawl Stone Soup version 0.27.1-33-g824d729ab1 (webtiles) character file.

Game seed: 7341818848452491472

320869 McKennaii the Devastator (level 19, -12/115 HPs)
             Began as a Demigod Conjurer on Dec 8, 2021.
             Mangled by a spatial maelstrom (26 damage)
             ... on level 3 of the Abyss.
             The game lasted 02:49:25 (52490 turns).

McKennaii the Devastator (Demigod Conjurer)        Turns: 52490, Time: 02:49:25

Health: -12/115    AC: 15    Str: 30    XL:     19   Next: 83%
Magic:  4/43       EV: 12    Int: 34    God:
Gold:   814        SH: 16    Dex: 16    Spells: 13/48 levels left

rFire    + + .     SeeInvis +   H - staff of conjuration
rCold    + + .     Faith    .   z - +1 kite shield "Pamapsuu" {Will+ rCorr SInv}
rNeg     + + +     Spirit   .   Y - +1 plate armour of Dithmenos's Approval {rC+ Str+6 Int-3}
rPois    +         Reflect  .   Z - +2 helmet {Int+3}
rElec    .         Harm     .   q - scarf {rC+ rF+}
rCorr    +         Rampage  .   r - +1 pair of gloves "Pesadwu" {Str+4}
Will     ++...                  (no boots)
Stlth    ..........             D - amulet of magic regeneration
HPRegen  0.29/turn              I - ring "Erghuublu" {rN+++ rCorr Int+2 Dex+6 Stlth-}
MPRegen  0.53/turn              e - ring "Agymu" {rPois rF+ Str+6 Dex-2}

@: about to teleport
A: high mp 1, forlorn, deformed body, dopey 2, frail 1, weak 1
}: 2/15 runes: serpentine, barnacled
a: no special abilities


You were on level 3 of the Abyss.
You visited 7 branches of the dungeon, and saw 35 of its levels.
You visited the Abyss 3 times.
You visited 2 bazaars.
You also visited: Gauntlet.

You collected 5479 gold pieces.
You spent 4665 gold pieces at shops.

Inventory:

Hand Weapons
 N - a +2 scimitar of flaming
Armour
 q - a scarf of resistance (worn)
 r - the +1 pair of gloves "Pesadwu" (worn) {Str+4}
   (You found it in a Gauntlet)

   Str:       It affects your strength (+4).
 z - the +1 kite shield "Pamapsuu" (worn) {Will+ rCorr SInv}
   (You found it on level 3 of the Abyss)

   SInv:      It lets you see invisible.
   rCorr:     It protects you from acid and corrosion.
   Will:      It increases your willpower.
 W - the +18 shield of the Gong {rElec rN+ Will+ EV-5}
   (You took it off an orc on level 11 of the Dungeon)

   It is deafeningly noisy when blocking attacks.
   EV:        It affects your evasion (-5).
   rElec:     It insulates you from electricity.
   rN:        It protects you from negative energy.
   Will:      It increases your willpower.
 Y - the +1 plate armour of Dithmenos's Approval (worn) {rC+ Str+6 Int-3}
   (You found it on level 3 of the Elven Halls)

   Str:       It affects your strength (+6).
   Int:       It affects your intelligence (-3).
   rC:        It protects you from cold.
 Z - a +2 helmet of intelligence (worn)
Magical Staves
 m - a staff of fire
 G - a staff of air
 H - a staff of conjuration (weapon)
 X - a staff of poison
Jewellery
 e - the ring "Agymu" (right hand) {rPois rF+ Str+6 Dex-2}
   (You acquired it on level 4 of the Shoals)

   [ring of poison resistance]

   Str:       It affects your strength (+6).
   Dex:       It affects your dexterity (-2).
   rF:        It protects you from fire.
   rPois:     It protects you from poison.
 D - an amulet of magic regeneration (around neck)
 I - the ring "Erghuublu" (left hand) {rN+++ rCorr Int+2 Dex+6 Stlth-}
   (You found it on level 8 of the Dungeon)

   [ring of dexterity]

   Int:       It affects your intelligence (+2).
   Dex:       It affects your dexterity (+6).
   rN:        It renders you almost immune to negative energy.
   rCorr:     It protects you from acid and corrosion.
   Stlth:     It makes you less stealthy.
 K - the ring "Xypeuph" {rC- Will++ EV+4 Str+3 Dex+4}
   (You found it on level 3 of the Elven Halls)

   [ring of evasion]

   EV:        It affects your evasion (+4).
   Str:       It affects your strength (+3).
   Dex:       It affects your dexterity (+4).
   rC:        It makes you vulnerable to cold.
   Will:      It greatly increases your willpower.
 T - a ring of see invisible
 U - the amulet of Ufysyuf {Reflect Slay+2 SH+5}
   (You took it off a naga sharpshooter on level 2 of the Snake Pit)

   [amulet of reflection]

   It reflects blocked missile attacks.
   Slay:      It affects your accuracy & damage with ranged weapons and melee
   (+2).
   SH:        It affects your SH (+5).
 V - a ring of protection from cold
Wands
 l - a wand of mindburst (16)
 u - a wand of polymorph (17)
 x - a wand of iceblast (31)
 y - a wand of digging (9)
 C - a wand of charming (35)
 R - a wand of paralysis (38)
 S - a wand of acid (8)
Scrolls
 a - 3 scrolls of enchant weapon
 b - 6 scrolls of teleportation
 c - 3 scrolls of blinking
 g - 10 scrolls of immolation
 j - 10 scrolls of amnesia
 s - 2 scrolls of fog
 t - 5 scrolls of identify
 v - 4 scrolls of holy word
 A - 5 scrolls of fear
 E - 4 scrolls of enchant armour
 F - 7 scrolls of magic mapping
 P - 4 scrolls of vulnerability
Potions
 d - 5 potions of brilliance
 f - 9 potions of lignification
 h - 14 potions of curing
 i - 3 potions of invisibility
 k - 3 potions of resistance
 n - 5 potions of heal wounds
 o - 3 potions of ambrosia
 p - 2 potions of berserk rage
 B - 3 potions of flight
 J - 5 potions of might
 L - 5 potions of haste
 M - 4 potions of magic
 O - 2 potions of cancellation
 Q - 5 potions of mutation


   Skills:
 - Level 2.0 Fighting
 + Level 8.3 Armour
 - Level 10.0 Dodging
 - Level 2.0 Stealth
 - Level 15.0 Shields
 - Level 15.0 Spellcasting
 + Level 17.3 Conjurations
 - Level 2.0 Translocations
 - Level 4.0 Fire Magic
 + Level 17.3 Earth Magic


You had 13 spell levels left.
You knew the following spells:

 Your Spells              Type           Power      Damage    Failure   Level
a - Magic Dart            Conj           100%       1d8       0%          1
b - Searing Ray           Conj           100%       3d7       0%          2
c - Iskenderun's Mystic   Conj/Tloc      95%        2d18      2%          4
d - Lehudib's Crystal Sp  Conj/Erth      60%        10d14     54%         8
e - Starburst             Conj/Fire      49%        6d13      24%         6
f - Orb of Destruction    Conj           60%        9d17      9%          7
g - Spellforged Servitor  Conj/Summ      45%        N/A       96%         7

Your spell library contained the following spells:

 Spells                   Type           Power      Damage    Failure   Level
 Foxfire                  Conj/Fire      100%       2x1d9     1%          1
 Shock                    Conj/Air       100%       1d9       1%          1
 Static Discharge         Conj/Air       91%        N/A       1%          2
 Conjure Flame            Conj/Fire      98%        6-21      1%          3
 Dazzling Flash           Conj/Hex       100%       N/A       1%          3
 Sticky Flame             Conj/Fire      98%        2d11      1%          4
 Bolt of Magma            Conj/Fire/Erth 53%        4d21      1%          5
 Lee's Rapid Deconstruct  Erth           48%        3d24*     1%          5
 Mephitic Cloud           Conj/Pois/Air  77%        N/A       3%          3
 Fulminant Prism          Conj/Hex       45%        3d21      3%          4
 Leda's Liquefaction      Hex/Erth       35%        N/A       3%          4
 Apportation              Tloc           78%        N/A       5%          1
 Blink                    Tloc           N/A        N/A       9%          2
 Borgnjor's Vile Clutch   Necr/Erth      35%        N/A       10%         5
 Animate Skeleton         Necr           50%        N/A       12%         1
 Beastly Appendage        Tmut           50%        N/A       12%         1
 Corona                   Hex            27%        N/A       12%         1
 Summon Small Mammal      Summ           100%       N/A       12%         1
 Gell's Gravitas          Tloc           19%        N/A       16%         3
 Inner Flame              Hex/Fire       39%        N/A       16%         3
 Lesser Beckoning         Tloc           19%        N/A       16%         3
 Teleport Other           Tloc           39%        N/A       16%         3
 Call Imp                 Summ           25%        N/A       19%         2
 Corpse Rot               Necr/Air       N/A        N/A       19%         2
 Poisonous Vapours        Pois/Air       50%        N/A       19%         2
 Slow                     Hex            25%        N/A       19%         2
 Wereblood                Tmut           25%        N/A       19%         2
 Ignite Poison            Fire/Tmut/Pois 34%        N/A       22%         3
 Freezing Cloud           Conj/Ice/Air   38%        6-21      32%         5
 Confusing Touch          Hex            25%        N/A       36%         3
 Spider Form              Tmut/Pois      12%        N/A       36%         3
 Summon Guardian Golem    Hex/Summ       25%        N/A       36%         3
 Vampiric Draining        Necr           12%        2d7       36%         3
 Passage of Golubria      Tloc           N/A        N/A       47%         4
 Statue Form              Tmut/Erth      47%        N/A       50%         6
 Animate Dead             Necr           12%        N/A       77%         4
 Cause Fear               Hex            12%        N/A       77%         4
 Dispel Undead            Necr           25%        3d12      77%         4
 Summon Ice Beast         Ice/Summ       25%        N/A       77%         4
 Summon Lightning Spire   Summ/Air       25%        N/A       77%         4
 Summon Forest            Summ/Tloc      16%        N/A       92%         5
 Alistair's Intoxication  Tmut/Pois      16%        N/A       98%         5
 Silence                  Hex/Air        12%        N/A       98%         5
 Summon Mana Viper        Hex/Summ       25%        N/A       98%         5
 Death Channel            Necr           12%        N/A       100%        6
 Invisibility             Hex            12%        N/A       100%        6
 Shadow Creatures         Summ           N/A        N/A       100%        6
 Dragon Form              Tmut           12%        N/A       100%        7
 Monstrous Menagerie      Summ           12%        N/A       100%        7
 Storm Form               Tmut/Air       12%        N/A       100%        7
 Maxwell's Capacitive Co  Air            12%        ∞         100%        8
 Dragon's Call            Summ           12%        N/A       100%        9


Dungeon Overview and Level Annotations

Branches:
Dungeon (15/15)            Temple (0/1) D:4            Lair (6/6) D:9
 Shoals (4/4) Lair:3        Snake (4/4) Lair:2        Slime (0/5) Lair:5
    Orc (2/2) D:10            Elf (3/3) Orc:2        Vaults (1/5) D:14
 Depths (0/5) D:15        Gauntlet (visited)

Shops:
D:14 *   Orc:1 [   Orc:2 ((=[   Elf:1 =**([   Elf:3 *   Shoals:2 [   Snake:2 :!
Snake:3 :

Portals:
Trove: Vaults:1 (give 11 potions of heal wounds)


Innate Abilities, Weirdness & Mutations

Your attributes grow dramatically as you level up.
You have an increased reservoir of magic. (+10% MP)
You shall have no god before yourself.
Armour fits poorly on your strangely shaped body.
You are very dopey. (Int -4)
You are frail. (-10% HP)
You are weak. (Str -2)


Message History

The swamp drake breathes poison at you.
The noxious blast engulfs the tormentor but does no damage.
The worldbinder hits you but does no damage. x2
The guardian serpent shouts!
The tormentor roars! 2 spatial vortices come into view.
The unseen horror is engulfed in noxious fumes.
The unseen horror closely misses the guardian serpent.
The unseen horror is engulfed in noxious fumes.
The unseen horror appears confused.
The worldbinder calls forth creatures from the Swamp!
The tormentor calls on the powers of darkness!
The swamp drake convulses!
The unseen horror convulses!
The swamp drake convulses!
The guardian serpent convulses!
Your body is wracked with pain!
* * * LOW HITPOINT WARNING * * *
The swamp drake convulses!
The unseen horror is engulfed in noxious fumes.
The unseen horror appears confused.
The neqoxec barely misses you. The guardian serpent hits you!
* * * LOW HITPOINT WARNING * * *
4 spatial vortices come into view.
The swamp drake disappears in a puff of smoke!
The unseen horror is engulfed in noxious fumes.
The unseen horror appears confused.
The unseen horror hits the swamp drake!
The unseen horror is engulfed in noxious fumes. x2
The guardian serpent barely misses you. You block the neqoxec's attack.
A spatial vortex comes into view.
Unknown command.
The unseen horror hits the spatial vortex.
The spatial maelstrom completely misses you.
You block the spatial maelstrom's attack.
The unseen horror hits the guardian serpent.
You block the spatial maelstrom's attack.
The spatial maelstrom hits you but does no damage.
A spatial vortex comes into view.
The unseen horror hits the spatial vortex.
The unseen horror hits itself.
The spatial maelstrom hits you!
* * * LOW HITPOINT WARNING * * *
Space warps horribly around you!!
You die...

# ..## ..##
...# ##
#..###.###..
#......∩.....
#.@.........
##vvv......
#v.Svx.....
#v3vxk..#..
#...v2.v......#
#.vv#kZvk#...
#...##.v....vv#
#....
#.v.vZ...#
#.#.#
##......###


You could see 6 spatial maelstroms, 11 spatial vortices, a guardian serpent, a
worldbinder, a tormentor, an unseen horror (invisible, confused), a neqoxec, 3
swamp drakes and 2 iron dragon zombies.

Vanquished Creatures
  Saint Roka (Orc:2)
  5 acid blobs (Lair:5)
  2 deep elf blademasters (Elf:3)
  2 deep elf master archers (Elf:3)
  Frances (D:14)
  2 tentacled starspawn
  Kirke (Lair:4)
  5 deep elf sorcerers
  5 nagarajas
  Ilsuiw (Shoals:2)
  A revenant (Abyss:3)
  Louise (Elf:3)
  3 deep elf elementalists (Elf:3)
  Aizul (Snake:4)
  A stone giant (D:15)
  5 deep elf demonologists
  Azrael (Snake:2)
  A minotaur (Gauntlet)
  6 deep elf annihilators
  2 dire elephants (Lair:6)
  5 deep elf death magi
  4 merfolk javelineers
  Snorg (D:14)
  9 merfolk impalers
  The ghost of 13raion the Cleaver, a journeyman MiBe of Trog (Lair:3)
  A fire dragon (D:14)
  An ettin (Orc:1)
  2 yaktaur captains (Vaults:1)
  2 deep elf high priests (Elf:3)
  5 boulder beetles
  8 hydras
  3 salamander tyrants (Snake:4)
  18 naga warriors
  9 anacondas
  Erica (Lair:1)
  The ghost of Candide the Grappler, a novice TrBe of Trog (Orc:1)
  A death knight (D:13)
  A hell beast (Gauntlet)
  2 alligator snapping turtles (Shoals:4)
  Erolcha (D:10)
  A catoblepas (D:15)
  2 satyrs
  5 merfolk aquamancers
  4 merfolk avatars (Shoals:4)
  4 two-headed ogres
  30 dancing weapons
  7 centaur warriors
  3 death yaks (Lair:6)
  18 naga sharpshooters
  4 tengu warriors
  3 orc high priests (Orc:2)
  4 thrashing horrors
  8 shock serpents
  18 deep elf knights
  Sonja (Orc:2)
  A shadow wraith (Abyss:4)
  A sixfirhy (Abyss:3)
  2 spatial maelstroms
  3 deep trolls (Vaults:1)
  2 skeletal warriors
  A sea snake (shapeshifter) (D:14)
  14 sea snakes
  2 salamander mystics
  A glowing orange brain (D:14)
  An ironbound convoker (Vaults:1)
  6 harpies
  9 deep elf archers
  2 wizards
  6 naga ritualists
  A lindwurm (Lair:6)
  9 orc knights
  35 deep elf zephyrmancers
  33 deep elf pyromancers
  12 mana vipers
  12 cyclopes
  An orb spider (Abyss:4)
  13 ugly things
  A moth of wrath (Gauntlet)
  7 large abominations
  A worldbinder (Abyss:3)
  5 manticores
  6 fauns (Shoals:3)
  9 merfolk sirens
  19 salamanders
  41 black mambas
  A wolf spider (Lair:6)
  3 water nymphs
  8 orc sorcerers (Orc:2)
  20 elephants
  2 gargoyles
  16 naga magi
  5 guardian serpents
  3 unseen horrors
  26 cane toads
  A smoke demon (Abyss:3)
  A torpor snail (Lair:4)
  3 kobold demonologists
  4 rime drakes
  5 demonic crawlers
  The ghost of brob1 the Ducker, a novice DjFE of Dithmenos (D:7)
  13 komodo dragons
  13 yaktaurs
  A yaktaur (shapeshifter) (D:14)
  A tengu conjurer (D:13)
  3 meliai (D:13)
  2 ancient zymes (Abyss:2)
  9 trolls
  A polar bear (shapeshifter) (Elf:3)
  34 merfolk
  A wind drake (Shoals:3)
  7 polar bears
  4 hornets
  A meliai zombie (D:10)
  4 raiju (Abyss:2)
  13 snapping turtles
  Grinder (D:3)
  8 blink frogs
  10 dream sheep (Lair:6)
  A slime creature (Lair:5)
  4 air elementals
  Sigmund (D:3)
  A flying skull (Abyss:2)
  11 water elementals
  2 redbacks (Lair:6)
  4 humans (Elf:3)
  15 wyverns
  2 ynoxinuls
  3 chaos spawn
  9 fire elementals
  2 wraiths
  49 yaks
  Grum (D:11)
  A golden eye (Abyss:3)
  3 hogs (Lair:4)
  A steam dragon (D:8)
  3 basilisks
  3 neqoxecs (Abyss:3)
  10 vampire mosquitoes
  2 swamp worms (Gauntlet)
  5 wargs (Orc:1)
  44 nagas
  An acid dragon (D:14)
  A water moccasin (shapeshifter) (D:15)
  27 water moccasins
  4 hell hounds
  A floating eye (D:14)
  A swamp drake (D:9)
  3 sky beasts (D:6)
  5 ice beasts
  26 orc warriors
  A necrophage (D:5)
  5 black bears
  14 wolves
  15 centaurs
  8 ogres
  6 kobold brigands
  11 bullfrogs
  A wyvern zombie (D:6)
  3 gnoll sergeants
  A scorpion (D:7)
  A water moccasin zombie (D:6)
  4 earth elementals
  A hornet simulacrum (D:15)
  8 small abominations
  A water moccasin skeleton (D:7)
  9 killer bees (D:9)
  4 wights (D:7)
  An electric eel (Snake:2)
  A howler monkey (D:12)
  2 crimson imps
  2 lava snakes
  3 starcursed masses (Abyss:3)
  A jelly (D:4)
  5 centaur skeletons
  A centaur zombie (D:7)
  4 hounds
  Crazy Yiuf (D:3)
  23 orc priests
  An iron imp (D:9)
  Jessica (D:2)
  A bullfrog skeleton (D:6)
  An iguana (D:7)
  Natasha (thrice) (D:3)
  29 orc wizards
  A hell rat (Lair:6)
  A killer bee zombie (D:8)
  A hound skeleton (D:3)
  7 adders
  12 gnolls
  A shadow imp (D:9)
  5 white imps
  2 worms (D:3)
  2 dart slugs
  103 orcs
  5 bats
  5 endoplasms
  2 giant cockroaches (D:1)
  5 hobgoblins
  4 jackals
  30 kobolds
  A quokka (D:2)
  9 ball pythons
  3 frilled lizards
  4 goblins
  3 rats
  A butterfly (Lair:3)
  2 lurking horrors
  A starspawn tentacle (Abyss:3)
1345 creatures vanquished.

Vanquished Creatures (others)
  2 nagarajas (Snake:4)
  A deep elf knight (Elf:1)
  A deep elf zephyrmancer (Elf:1)
  A water elemental (Elf:3)
  44 fungi
  140 plants
  8 starspawn tentacles
197 creatures vanquished.

Grand Total: 1542 creatures vanquished

Notes
Turn   | Place    | Note
-------+----------+-------------------------------------------
     0 | D:1      | McKennaii the Demigod Conjurer began the quest for the Orb.
     0 | D:1      | Reached XP level 1. HP: 14/14 MP: 5/5
   341 | D:1      | Reached XP level 2. HP: 20/20 MP: 5/8
  1101 | D:2      | Reached XP level 3. HP: 26/26 MP: 8/10
  1124 | D:2      | Learned a level 2 spell: Searing Ray
  1769 | D:2      | Noticed Jessica
  1772 | D:2      | Killed Jessica
  1773 | D:2      | Reached XP level 4. HP: 33/33 MP: 9/13
  2111 | D:2      | Learned a level 4 spell: Iskenderun's Mystic Blast
  2304 | D:3      | Noticed Grinder
  2310 | D:3      | Paralysed by Grinder for 5 turns
  2328 | D:3      | Paralysed by Grinder for 5 turns
  2547 | D:3      | Paralysed by Grinder for 2 turns
  2657 | D:3      | Noticed Natasha
  2666 | D:3      | Killed Natasha
  3063 | D:3      | Noticed Sigmund
  3078 | D:3      | Killed Sigmund
  3079 | D:3      | Reached skill level 5 in Spellcasting
  3079 | D:3      | Reached XP level 5. HP: 15/38 MP: 6/16
  3372 | D:3      | Reached XP level 6. HP: 45/45 MP: 15/17
  3445 | D:3      | Killed Grinder
  3521 | D:3      | Noticed Natasha
  3528 | D:3      | Killed Natasha
  3656 | D:3      | Noticed Natasha
  3661 | D:3      | Killed Natasha
  3813 | D:3      | Found a runed translucent door.
  3814 | D:3      | Noticed Crazy Yiuf
  3822 | D:3      | Killed Crazy Yiuf
  3823 | D:3      | Reached skill level 1 in Translocations
  3979 | D:4      | Identified the ring of Socrual {rF+ Str+2}
  4016 | D:4      | Found a staircase to the Ecumenical Temple.
  4072 | D:4      | Reached XP level 7. HP: 48/50 MP: 13/19
  4201 | D:4      | Reached skill level 5 in Conjurations
  4603 | D:5      | Entered Level 5 of the Dungeon
  4688 | D:5      | Noticed a two-headed ogre
  4887 | D:5      | Killed a two-headed ogre
  4888 | D:5      | Reached XP level 8. HP: 39/57 MP: 5/20
  6199 | D:6      | Reached skill level 10 in Conjurations
  6199 | D:6      | Reached XP level 9. HP: 55/62 MP: 21/21
  6344 | D:6      | Noticed a gargoyle
  6634 | D:6      | Noticed a cyclops
  6641 | D:6      | Killed a cyclops
  6772 | D:6      | Reached skill level 5 in Dodging
  7223 | D:6      | Killed a gargoyle
  8354 | D:7      | Reached XP level 10. HP: 53/69 MP: 22/22
  8529 | D:7      | Found a runed translucent door.
  8530 | D:7      | Noticed brob1's ghost (novice DjFE)
  8532 | D:7      | Noticed a cyclops
  8918 | D:7      | Killed a cyclops
  8919 | D:7      | Killed brob1's ghost
  9815 | D:8      | Reached skill level 10 in Dodging
  9815 | D:8      | Reached skill level 1 in Armour
  9822 | D:8      | Reached skill level 1 in Fighting
 10196 | D:8      | Found a large runed translucent door.
 10197 | D:8      | Found a large runed translucent door.
 11074 | D:8      | Identified the ring "Erghuublu" {rN+++ rCorr Int+2 Dex+6
                  | Stlth-}
 11091 | D:9      | Found a staircase to the Lair.
 11890 | D:9      | Noticed a deep elf zephyrmancer
 11893 | D:9      | Killed a deep elf zephyrmancer
 11922 | D:9      | Noticed a deep elf pyromancer
 11927 | D:9      | Killed a deep elf pyromancer
 11928 | D:9      | Reached XP level 11. HP: 79/79 MP: 15/26
 12016 | D:10     | Entered Level 10 of the Dungeon
 12358 | D:10     | Noticed Erolcha
 12379 | D:10     | Killed Erolcha
 12579 | D:10     | Found a staircase to the Orcish Mines.
 12853 | D:10     | Noticed a skeletal warrior
 12985 | D:10     | Killed a skeletal warrior
 13505 | D:11     | Noticed a wizard
 13702 | Lair:1   | Entered Level 1 of the Lair of Beasts
 13730 | D:9      | Reached skill level 10 in Spellcasting
 13802 | Lair:1   | Noticed Erica
 13992 | Lair:1   | Killed Erica
 14591 | Lair:1   | Reached XP level 12. HP: 85/85 MP: 22/30
 15060 | Lair:2   | Found a staircase to the Snake Pit.
 16001 | Lair:3   | Found a runed translucent door.
 16001 | Lair:3   | Noticed 13raion's ghost (journeyman MiBe)
 16188 | Lair:3   | Found a staircase to the Shoals.
 16555 | Lair:3   | Killed 13raion's ghost
 16698 | Lair:4   | Noticed a seven-headed hydra
 16708 | Lair:4   | Killed a seven-headed hydra
 17150 | Lair:4   | Reached XP level 13. HP: 91/91 MP: 25/34
 17502 | Lair:4   | Noticed Kirke
 17521 | Lair:4   | Killed Kirke
 18481 | Lair:5   | Found a runed translucent door.
 18481 | Lair:5   | Found a staircase to the Slime Pits.
 18481 | Lair:5   | Noticed an acid blob
 18481 | Lair:5   | Noticed an acid blob
 18481 | Lair:5   | Noticed an acid blob
 18481 | Lair:5   | Noticed an acid blob
 18481 | Lair:5   | Noticed an acid blob
 18886 | Lair:5   | Killed an acid blob
 18887 | Lair:5   | Killed an acid blob
 18889 | Lair:5   | Killed an acid blob
 18895 | Lair:5   | Killed an acid blob
 18973 | Lair:5   | Killed an acid blob
 19012 | Lair:6   | Entered Level 6 of the Lair of Beasts
 19306 | Lair:6   | Reached skill level 15 in Spellcasting
 19557 | Lair:6   | Reached skill level 5 in Shields
 19557 | Lair:6   | Reached XP level 14. HP: 99/99 MP: 28/38
 20595 | Lair:6   | Reached skill level 10 in Shields
 20670 | Lair:6   | Learned a level 8 spell: Lehudib's Crystal Spear
 20900 | Lair:6   | Reached skill level 1 in Earth Magic
 21732 | D:11     | Noticed Grum
 21740 | D:11     | Killed Grum
 22559 | D:12     | Gained mutation: Your body sometimes deteriorates upon
                  | taking damage. [a neqoxec]
 23258 | D:13     | Reached skill level 5 in Earth Magic
 23329 | D:13     | Identified the +6 whip "Ruohofan" {venom, +Blink}
 23594 | D:14     | Found a gate leading to a gauntlet.
 23779 | Gauntlet | Entered a Gauntlet
 23779 | Gauntlet | Found a transporter.
 23792 | Gauntlet | Found a transporter.
 23795 | Gauntlet | Found a transporter.
 23815 | Gauntlet | Found a transporter.
 23819 | Gauntlet | Found a runed translucent door.
 23824 | Gauntlet | Found a runed translucent door.
 23829 | Gauntlet | Found a transporter.
 23853 | Gauntlet | Found a transporter.
 23862 | Gauntlet | Found a runed translucent gate.
 23863 | Gauntlet | Found a transporter.
 23863 | Gauntlet | Found a runed translucent gate.
 23864 | Gauntlet | Found a runed translucent gate.
 23868 | Gauntlet | Found a transporter.
 23868 | Gauntlet | Found a transporter.
 23870 | Gauntlet | Found a transporter.
 23902 | Gauntlet | Found a transporter.
 23902 | Gauntlet | Found a transporter.
 23938 | Gauntlet | Found a transporter.
 23953 | Gauntlet | Found a transporter.
 24263 | Gauntlet | Identified the +1 pair of gloves "Pesadwu" {Str+4}
 24300 | Gauntlet | Identified the +10 halberd of Tumult {flame, rCorr}
 24368 | Gauntlet | Identified the +6 short sword of Wup Ses {drain, *Slow rC+
                  | rN+ Stlth+}
 24368 | Gauntlet | Identified the +8 flail "Suuloepn" {venom, Will+ Dex+5}
 24557 | D:14     | Reached XP level 15. HP: 43/104 MP: 25/39
 24827 | D:14     | Noticed Frances
 25194 | D:14     | Got Asmodeus's Catalogue of the Supportive Volcanoes
 25209 | D:14     | Learned a level 7 spell: Spellforged Servitor
 25849 | D:14     | Noticed Snorg
 25850 | D:14     | Found Erikor's Assorted Antiques.
 25859 | D:14     | Killed Snorg
 25908 | D:14     | Bought a scroll of teleportation for 69 gold pieces
 25908 | D:14     | Bought a scroll labelled JIBREMEFIF for 23 gold pieces
 25908 | D:14     | Bought a scroll labelled XYINETEWAQ for 23 gold pieces
 25908 | D:14     | Bought a masterwork ring mail for 207 gold pieces
 25908 | D:14     | Identified the +3 ring mail of Tawisk {rC+} (You bought it
                  | in a shop on level 14 of the Dungeon)
 25917 | D:14     | Bought 2 blue potions for 41 gold pieces
 26119 | D:14     | Found a gate to the Vaults.
 26200 | D:14     | Killed Frances
 26201 | D:14     | Reached skill level 10 in Earth Magic
 26522 | D:15     | Entered Level 15 of the Dungeon
 27877 | D:15     | Identified the +0 robe of the Moon {Int+3}
 28031 | D:15     | Found a staircase to the Depths.
 28259 | Orc:1    | Entered Level 1 of the Orcish Mines
 28492 | Orc:1    | Found Riketi Ihut's Antique Armour Shoppe.
 28505 | Orc:1    | Bought a bloodstained scale mail for 207 gold pieces
 28505 | Orc:1    | Identified the +2 scale mail of Egalitarianism {Str+4} (You
                  | bought it in a shop on level 1 of the Orcish Mines)
 28786 | Orc:1    | Found a large runed translucent door.
 28812 | Orc:1    | Found a large runed translucent door.
 28814 | Orc:1    | Noticed Candide's ghost (novice TrBe)
 28874 | Orc:1    | Killed Candide's ghost
 28987 | Orc:2    | Entered Level 2 of the Orcish Mines
 29000 | Orc:2    | Noticed Sonja
 29183 | Orc:2    | Killed Sonja
 29460 | Orc:2    | Paralysed by an orc sorcerer for 3 turns
 29921 | Orc:2    | Found a staircase to the Elven Halls.
 29952 | Orc:2    | Noticed Saint Roka
 30086 | Orc:2    | Killed Saint Roka
 30087 | Orc:2    | Reached XP level 16. HP: 83/111 MP: 2/40
 30612 | Orc:2    | Found Jeray's Weapon Emporium.
 30612 | Orc:2    | Found Luom's Antique Weapon Boutique.
 30614 | Orc:2    | Found Kuosoh's Antique Armour Emporium.
 30614 | Orc:2    | Found Koenawn's Jewellery Boutique.
 31014 | Shoals:1 | Entered Level 1 of the Shoals
 31937 | Shoals:2 | Noticed Ilsuiw
 31943 | Shoals:2 | Cast into level 3 of the Abyss (merfolk impaler)
 32373 | Abyss:3  | Noticed a tentacled starspawn
 32394 | Abyss:3  | Gained mutation: You expend magic power (3 MP) to
                  | strengthen your wands. [a neqoxec]
 32401 | Abyss:3  | Killed a tentacled starspawn
 32408 | Abyss:3  | Noticed an ancient lich
 32615 | Abyss:4  | Noticed a bone dragon
 32677 | Abyss:4  | Lost mutation: You expend magic power (3 MP) to strengthen
                  | your wands. [potion of mutation]
 32677 | Abyss:4  | Lost mutation: Your body sometimes deteriorates upon taking
                  | damage. [potion of mutation]
 32677 | Abyss:4  | Gained mutation: You are dopey. (Int -2) [potion of
                  | mutation]
 32677 | Abyss:4  | Gained mutation: You are weak. (Str -2) [potion of
                  | mutation]
 32970 | Abyss:4  | Noticed a tentacled monstrosity
 33023 | Abyss:5  | Entered Level 5 of the Abyss
 33037 | Shoals:2 | Escaped the Abyss
 33601 | Shoals:2 | Killed Ilsuiw
 33868 | Shoals:2 | Identified the +5 rapier "Fish" {drain, rPois}
 33957 | Shoals:2 | Found Jiddin Myxu's Armour Shop.
 34085 | Shoals:2 | Reached skill level 15 in Earth Magic
 35534 | Shoals:4 | Entered Level 4 of the Shoals
 36449 | Shoals:4 | Found Qogiuschem's Jewellery Shop.
 36464 | Shoals:4 | Identified a scroll of acquirement
 36487 | Shoals:4 | HP: 3/111 [merfolk impaler (19)]
 36709 | Shoals:4 | Found the +0 pair of fencer's gloves {Riposte Dex+3}
 36714 | Shoals:4 | Reached XP level 17. HP: 116/116 MP: 31/41
 36796 | Shoals:4 | Got a barnacled rune of Zot
 37700 | Shoals:4 | Acquired the ring "Agymu" {rPois rF+ Str+6 Dex-2}
 37858 | Snake:1  | Entered Level 1 of the Snake Pit
 38183 | Snake:1  | Reached skill level 15 in Shields
 38391 | Snake:1  | Reached skill level 5 in Armour
 39017 | Orc:2    | Bought polished gold dragon scales for 2635 gold pieces
 39017 | Orc:2    | Identified the +1 gold dragon scales "Uniw" {Harm +Inv
                  | rPois rF+ rC+ Will+++ Str-3} (You bought it in a shop on
                  | level 2 of the Orcish Mines)
 39702 | Snake:2  | Noticed Azrael
 39715 | Snake:2  | Killed Azrael
 40517 | Snake:1  | Learned a level 6 spell: Starburst
 40625 | Snake:2  | Found Qukoeg's Book Shoppe.
 40629 | Snake:2  | Found Xiace's Distillery.
 40637 | Snake:2  | Bought a potion of attraction for 48 gold pieces
 40638 | Snake:2  | Bought a potion of degeneration for 16 gold pieces
 40639 | Snake:2  | Bought a potion of haste for 160 gold pieces
 40639 | Snake:2  | Bought 2 potions of curing for 96 gold pieces
 40939 | Snake:2  | Identified the amulet of Ufysyuf {Reflect Slay+2 SH+5}
 41275 | Snake:3  | Found Fefe's Book Shoppe.
 41927 | Snake:3  | Reached XP level 18. HP: 123/123 MP: 22/42
 42294 | Snake:3  | Got Magic Continued
 42499 | Snake:4  | Entered Level 4 of the Snake Pit
 43660 | Snake:3  | Reached skill level 1 in Fire Magic
 44277 | Snake:4  | Noticed Aizul
 44444 | Snake:4  | Killed Aizul
 45031 | Snake:4  | Reached skill level 15 in Conjurations
 45478 | Snake:4  | Got a serpentine rune of Zot
 45677 | Snake:2  | Bought a potion of heal wounds for 80 gold pieces
 45677 | Snake:2  | Bought a potion of heal wounds for 80 gold pieces
 45677 | Snake:2  | Bought a potion of heal wounds for 80 gold pieces
 45887 | Elf:1    | Entered Level 1 of the Elven Halls
 46060 | Elf:1    | Found Oblec's Antique Armour Shoppe.
 46507 | Elf:1    | Found Bicecw's Assorted Antiques.
 46545 | Elf:1    | Found Qit Dack's Jewellery Boutique.
 46804 | Elf:1    | Acquired 703 gold pieces
 46891 | Elf:1    | Found Hicudil's General Store.
 46898 | Elf:1    | Found Gogeenae's Antique Weapon Emporium.
 46900 | Elf:1    | Bought a potion of curing for 48 gold pieces
 47106 | Elf:2    | Paralysed by an air elemental for 1 turns
 47221 | Elf:2    | Found a runed translucent gate.
 47221 | Elf:2    | Found a runed translucent gate.
 47221 | Elf:2    | Found a runed translucent gate.
 47640 | Elf:2    | Paralysed by an air elemental for 1 turns
 47837 | Elf:2    | Found a flickering gateway to a bazaar.
 47931 | Bazaar   | Entered a bazaar
 47950 | Bazaar   | Found Taunua's Jewellery Boutique.
 47972 | Bazaar   | Found Bury's Weapon Emporium.
 47993 | Bazaar   | Found Ofriagh's Book Boutique.
 48013 | Bazaar   | Found Yfuefaof's Book Shoppe.
 48040 | Bazaar   | Bought a book of the Sky for 396 gold pieces
 48485 | Elf:2    | Reached XP level 19. HP: 66/128 MP: 5/43
 49080 | Elf:3    | Entered Level 3 of the Elven Halls
 49416 | Elf:3    | Found a flickering gateway to a bazaar.
 49980 | Bazaar   | Entered a bazaar
 49987 | Bazaar   | Found Vyzitafi's Antique Weapon Shoppe.
 49989 | Bazaar   | Found Tear's Antique Armour Shoppe.
 50006 | Bazaar   | Found Kubaj's Distillery.
 50017 | Bazaar   | Found Bacevafu's General Store.
 50025 | Bazaar   | Found Huaphewn's Book Emporium.
 50055 | Bazaar   | Bought a potion of magic for 96 gold pieces
 50055 | Bazaar   | Bought a potion of heal wounds for 60 gold pieces
 50055 | Bazaar   | Bought a potion of heal wounds for 60 gold pieces
 50055 | Bazaar   | Bought a potion of haste for 120 gold pieces
 50055 | Bazaar   | Bought a potion of curing for 36 gold pieces
 50055 | Bazaar   | Bought a potion of curing for 36 gold pieces
 50055 | Bazaar   | Bought a potion of might for 48 gold pieces
 50165 | Elf:3    | Found Waimexugiw's Elven Fire.
 50256 | Elf:3    | Paralysed by an air elemental for 1 turns
 50261 | Elf:3    | Identified the +1 robe of Meager the Good {Str+5}
 50263 | Elf:3    | Identified the +10 long sword of Harmony {drain, *Slow rC++
                  | Int+6}
 50270 | Elf:3    | Noticed Louise
 50588 | Elf:3    | Paralysed by an air elemental for 1 turns
 50775 | Elf:3    | Noticed a Brimstone Fiend
 50778 | Elf:3    | Cast into level 2 of the Abyss (Louise)
 50823 | Abyss:2  | Identified the +0 pair of boots of Seawig {-Cast Regen+
                  | Str+4}
 50974 | Abyss:2  | HP: 6/128 [something (4)]
 51117 | Elf:3    | Escaped the Abyss
 51120 | Elf:3    | Killed Louise
 51225 | Elf:3    | Identified the +1 plate armour of Dithmenos's Approval {rC+
                  | Str+6 Int-3}
 51239 | Elf:3    | Identified the +6 shortbow of Expedience {vorpal, rF- Str+5
                  | Dex+5}
 51244 | Elf:3    | Got the Almanac of the Lost Violins
 51265 | Elf:3    | Learned a level 7 spell: Orb of Destruction
 51272 | Elf:3    | Identified the +1 scale mail of Insurance {Rampage rF+
                  | Will+ Int-4}
 51348 | Elf:3    | Identified the ring "Xypeuph" {rC- Will++ EV+4 Str+3 Dex+4}
 51363 | Elf:3    | Identified the amulet of the Will of the Gods {rN++ Regen+}
 51843 | Vaults:1 | Entered Level 1 of the Vaults
 51920 | Vaults:1 | Found a portal to a secret trove of treasure.
 52115 | Vaults:1 | Cast into level 3 of the Abyss (a wizard)
 52283 | Abyss:3  | Identified the +1 kite shield "Pamapsuu" {Will+ rCorr SInv}
 52432 | Abyss:3  | Gained mutation: Armour fits poorly on your strangely
                  | shaped body. [a neqoxec]
 52433 | Abyss:3  | Gained mutation: You are frail. (-10% HP) [a neqoxec]
 52484 | Abyss:3  | Gained mutation: You are very dopey. (Int -4) [a neqoxec]
 52490 | Abyss:3  | Mangled by a spatial maelstrom

Illustrated notes

Levels and vault maps discovered:
D:1:      dpeg_arrival_pits, layout_basic
D:2:      minmay_skewed_foursquare, layout_loops_ring, serial_bayou_pond_d,
          serial_bayou_pond_b, uniq_jessica
D:3:      layout_basic, grunt_gozag_breadcrumbs,
          shapermc_ecumenical_altar_mp_highgroup, uniq_natasha, uniq_sigmund,
          uniq_grinder, uniq_crazy_yiuf_cottage
D:4:      layout_rooms, minmay_temple_entry_glass, grunt_decor_mini_mirrors
D:5:      layout_cave_pools
D:6:      minmay_opposing_rooms, layout_loops_ring, jmf_multi_god_temple,
          roderic_serpentine_path
D:7:      layout_basic, ebering_ghost_inner_flame, minmay_fractal_squares_5
D:8:      layout_cave_pods, jmf_multi_god_temple2,
          chequers_serial_rivers_large_b, minivault_21, minivault_25,
          minmay_hedge_maze
D:9:      layout_irregular_city, lair_entry_dummy, hangedman_minor_magic
D:10:     layout_loops_ring, beargit_hepliaklqana_dungeon_heroes,
          hiddenorc1_lemuel, uniq_erolcha
D:11:     layout_loops_ring, lightli_wizard_tower, uniq_grum
D:12:     layout_cave_pools
D:13:     layout_cave_pools
D:14:     cheibrodos_hippocracy, layout_long_grid,
          hangedman_vaults_entry_quadrant_bands, gauntlet_entry_generic,
          serial_shops, nicolae_stop_n_shop_1, grunt_decor_junction,
          uniq_frances, uniq_snorg
D:15:     grunt_enter_depths_snipers, layout_stronghold,
          minmay_misc_feat_enclosed
Lair:1:   layout_hall_layers, cheibrodos_lair_lostbears, uniq_erica
Lair:2:   layout_gridlike, dummy_snake_entry, grunt_megastairs_1
Lair:3:   layout_chaotic_city, minmay_shoals_entry_centaurs, basic_altar,
          hellmonk_ghost_happy_afterlife, grunt_megastairs_2,
          lemuel_fruit_fields
Lair:4:   layout_regular_city, grunt_megastairs_5, uniq_kirke
Lair:5:   layout_gridlike, slime_altar_2
Lair:6:   hangedman_lair_tendril_chambers, layout_long_grid,
          hangedman_lair_in_review
Shoals:1: layout_shoals
Shoals:2: layout_shoals, serial_shops, shop, uniq_ilsuiw
Shoals:3: layout_shoals, lemuel_altar_in_water
Shoals:4: shoals_end_simple, layout_shoals, serial_shops, shop, yaktaur_hedge
Snake:1:  layout_onion_interference
Snake:2:  layout_grid_shapes, nicolae_snake_storage_room, minmay_shop_star,
          serial_bayou_shore_a, uniq_azrael
Snake:3:  layout_rooms, serial_shops, nicolae_stop_n_shop_2,
          nicolae_snake_salamander_jacuzzi
Snake:4:  minmay_snake_end_coiled, layout_cave_town, grunt_ministairs_1,
          uniq_aizul
Orc:1:    layout_caves, ebering_ghost_disaster_area, serial_shops,
          nicolae_diamond_shop
Orc:2:    grunt_orc_tribal_feast, layout_diamond_mine, mines1_david,
          uniq_saint_roka, uniq_sonja
Elf:1:    eino_elf_arrival_altar, layout_geoelf_diagonals, serial_shops, shop,
          nicolae_shop_crystal, shop, shop, shop, hangedman_elf_represent
Elf:2:    nicolae_elf_blades_splatter_lattice [nooodl_blade_entry_preview],
          layout_onion_city, serial_shops, bzr_entry_road,
          kilobyte_mutagenic_chamber
Elf:3:    elf_hall, layout_gridlike, serial_shops, bzr_entry_customers,
          library_closet, nicolae_elf_big_sculpture_3, guppyfry_elf_lava,
          uniq_louise
Vaults:1: hangedman_vaults_corner_blocks, nicolae_vaults_network_quinsquares
          [nicolae_vaults_network_quincunx_subvault,
          nicolae_vaults_network_quincunx_subvault,
          nicolae_vaults_network_quincunx_subvault,
          nicolae_vaults_network_quincunx_subvault],
          ontoclasm_vaults_misaligned, nicolae_vaults_asterisk,
          nicolae_vaults_circle_grid_a, nicolae_vaults_sealed_display,
          nicolae_vaults_little_ls, layout_vaults_omnigrid,
          nicolae_trove_entry_crystal
Abyss:3:  base: Lair:3, base: D:3, base: D:13, nicolae_abyss_rune_left_handed,
          evilmike_abyss_exit_11, nicolae_abyss_rune_left_handed,
          gammafunk_abyss_exit_x_factor, minivault_24,
          hangedman_grunt_abyss_rune_horror_hoard, base: D:11,
          nicolae_abyss_rune_left_handed, lemuel_firewalk_3,
          doesnt_abyss_rune_brain_food,
          evilmike_nicolae_abyss_rune_containment_curve

Skill      XL: |  1  2  3  4  5  6  7  8  9 10 11 12 13 14 15 16 17 18 19 |
---------------+----------------------------------------------------------+-----
Spellcasting   | 2 3 4 5 6 7 10 12 15 | 15.0
Conjurations   | 4 8 10 11 12 13 16 17 | 17.3
Translocations | 1 2 |  2.0
Dodging        | 7 10 | 10.0
Armour         | 2 3 4 8 |  8.3
Fighting       | 2 |  2.0
Stealth        | 2 |  2.0
Shields        | 5 12 13 15 | 15.0
Earth Magic    | 6 13 15 16 17 | 17.3
Fire Magic     | 4 |  4.0

Action                   |  1- 3 |  4- 6 |  7- 9 | 10-12 | 13-15 | 16-18 | 19-21 || total
-------------------------+-------+-------+-------+-------+-------+-------+-------++-------
Melee: Unarmed           |     6 |       |       |       |       |       |       ||     6
       Staff             |       |    11 |       |    20 |    16 |    91 |    57 ||   195
       Scimitar          |       |       |       |       |       |       |     1 ||     1
 Cast: Magic Dart        |    89 |    63 |   144 |   255 |   372 |   307 |       ||  1230
       Searing Ray       |       |    12 |    52 |   133 |   250 |   282 |       ||   729
       Iskenderun's Myst |       |     4 |    17 |   159 |   400 |   674 |   159 ||  1413
       Starburst         |       |       |       |       |       |    43 |    22 ||    65
       Lehudib's Crystal |       |       |       |       |       |       |    23 ||    23
Evoke: Wand              |       |       |       |     1 |    15 |     6 |       ||    22
  Use: Scroll            |       |       |       |    10 |    10 |    15 |     6 ||    41
       Potion            |       |       |       |     1 |     2 |    15 |     4 ||    22
Armor: Robe              |     2 |     1 |    12 |     7 |       |       |       ||    22
       Troll leather arm |       |       |       |    46 |    78 |   171 |    21 ||   316
       Plate armour      |       |       |       |       |       |       |    15 ||    15
Dodge: Dodged            |    11 |    12 |    33 |   212 |   257 |   356 |    38 ||   919
Block: Buckler           |       |       |       |       |    62 |       |       ||    62
       Kite shield       |       |       |       |       |       |   905 |   261 ||  1166
       Reflection        |       |       |       |       |       |   117 |       ||   117
